 Dungeon Crawl Stone Soup version 0.25-a0-424-g80bd347ae0 (webtiles) character file.

Game seed: 6957521625781072522, levelgen mode: deterministic

493 Lugonue the Ducker (level 6, 0/47 HPs)
             Began as a Demonspawn Gladiator on Jan 22, 2020.
             Was an Initiate of Makhleb.
             Succumbed to a kobold's poison
             ... on level 5 of the Dungeon.
             The game lasted 00:10:23 (3658 turns).

Lugonue the Ducker (Demonspawn Gladiator)           Turns: 3658, Time: 00:10:23

Health: 0/47       AC:  5    Str: 15    XL:     6   Next: 92%
Magic:  6/6        EV: 22    Int: 11    God:    Makhleb [......]
Gold:   184        SH:  0    Dex: 19    Spells: 5/5 levels left

rFire    + . .     SeeInvis .   l - +2 short sword (freeze)
rCold    . . .     Gourm    .   (no shield)
rNeg     . . .     Faith    .   b - +0 leather armour
rPois    .         Spirit   .   c - +0 helmet
rElec    .         Reflect  .   q - +0 cloak
rCorr    .         Harm     .   (no gloves)
MR       .....     Clarity  +   (no boots)
Stlth    +++.......             (no amulet)
HPRegen  0.15/turn              j - ring of wizardry
MPRegen  0.10/turn              (no ring)

@: agile, lethally poisoned (0 -> -3), very slightly contaminated
A: talons 1, repulsion field 2, clarity, fire resistance 1, powered by death 1
a: Renounce Religion


You were on level 5 of the Dungeon.
You worshipped Makhleb.
Makhleb was noncommittal.
You were not hungry.

You visited 2 branches of the dungeon, and saw 6 of its levels.

You collected 184 gold pieces.

Inventory:

Hand Weapons
 a - a +0 long sword
 i - a +1 dagger of venom
 l - a +2 short sword of freezing (weapon)
 n - a +2 short sword of freezing
Missiles
 d - a throwing net (quivered)
Armour
 b - a +0 leather armour (worn)
 c - a +0 helmet (worn)
 p - a +0 shield
 q - a +0 cloak (worn)
Jewellery
 j - a ring of wizardry (left hand)
Wands
 h - a wand of enslavement (7)
Scrolls
 g - a scroll of fear {unknown}
 k - 2 scrolls of magic mapping
 o - a scroll of enchant weapon
Comestibles
 f - 11 rations


   Skills:
 + Level 3.4 Fighting
 + Level 3.9 Long Blades
 + Level 1.9 Throwing
 + Level 2.8 Armour
 + Level 4.2 Dodging
 + Level 2.3 Stealth
 * Level 1.0 Invocations


You had 5 spell levels left.
You didn't know any spells.
Your spell library was empty.

Dungeon Overview and Level Annotations

Branches:
Dungeon (5/15)             Temple (1/1) D:4

Altars:
Ashenzari
Cheibriados
Elyvilon
Fedhas
Gozag
Hepliaklqana
Makhleb
Nemelex Xobeh
Okawaru
Qazlal
Sif Muna
Trog
Uskayaw
Vehumet
Xom
Yredelemnul
Zin
The Shining One

Shops:
D:4 [

Annotations:
D:3 2 transporters
D:4 1 runed translucent door, MisterFreud's ghost, amateur MiCK


Innate Abilities, Weirdness & Mutations

You are surrounded by a moderate repulsion field. (EV +3)
You regenerate a little health from kills.
You have sharp toenails.
You possess an exceptional clarity of mind.
Your flesh is heat resistant. (rF+)


Message History

You feel sick.
Items here: ( )) [ † a +0 hand axe; a +0 ring mail; a +0 short sword; a poisoned dart a kobold corpse You see here a +1 dagger of venom.
i - a +1 dagger of venom
* * * LOW HITPOINT WARNING * * *
You feel sick.
* * * LOW HITPOINT WARNING * * *
You feel sick.
Unknown command.
Unknown command.
Blink to where?
Press: ? - help, Dir - move target cursor You are very lightly contaminated with residual magic.
As you read the scroll of blinking, it crumbles to dust.
Blink to where?
Press: ? - help, Dir - move target cursor
As you read the scroll of blinking, it crumbles to dust.
You die...

###(###..#'##..# #...#
(....)...(.....+ #...#
#######..PP(P.§#####..#
#§.####...#..#..# #..#
+...#..#..# #..#
#...#).#.##
#..#####..#'##.#
#..#...).......#
#..#...#..@....#
#..#...#..####.# #..##+
#..# #.# #...+ #.#
#P..# #.# #..YP ..#
..... .# ...##


You could see an ice beast (wandering).

Vanquished Creatures
  Sigmund (D:2)
  A centaur (D:5)
  A scorpion (D:4)
  An orc priest (D:3)
  An iguana (D:4)
  Crazy Yiuf (D:3)
  Robin (D:3)
  An adder (D:4)
  2 worms
  5 dart slugs
  2 leopard geckos
  5 orcs
  6 bats
  A giant cockroach (D:3)
  13 goblins
  8 hobgoblins
  9 jackals
  2 quokkas
  A ball python (D:3)
  7 frilled lizards
  11 kobolds
  8 rats
88 creatures vanquished.

Notes
Turn   | Place    | Note
-------+----------+-------------------------------------------
     0 | D:1      | Lugonue the Demonspawn Gladiator began the quest for the
                  | Orb.
     0 | D:1      | Reached XP level 1. HP: 16/16 MP: 1/1
   243 | D:1      | Reached skill level 3 in Dodging
   243 | D:1      | Gained mutation: You are surrounded by a mild repulsion
                  | field. (EV +2) [demonic ancestry]
   243 | D:1      | Reached XP level 2. HP: 22/22 MP: 2/2
   936 | D:2      | Noticed Sigmund
   953 | D:1      | Gained mutation: Your flesh is heat resistant. (rF+)
                  | [potion of mutation]
   953 | D:1      | Gained mutation: You possess an exceptional clarity of
                  | mind. [potion of mutation]
   953 | D:1      | Gained mutation: You have sharp toenails. [potion of
                  | mutation]
   966 | D:2      | Killed Sigmund
   966 | D:2      | Reached skill level 1 in Armour
   966 | D:2      | Gained mutation: You are surrounded by a moderate repulsion
                  | field. (EV +3) [demonic ancestry]
   966 | D:2      | Reached XP level 3. HP: 16/28 MP: 3/3
   966 | D:2      | Gained mutation: You regenerate a little health from kills.
                  | [demonic ancestry]
   966 | D:2      | Reached XP level 4. HP: 20/34 MP: 4/4
   966 | D:2      | Reached XP level 5. HP: 24/40 MP: 5/5
  1364 | D:2      | Found a glowing silver altar of Zin.
  1364 | D:2      | Found a glowing golden altar of the Shining One.
  1637 | D:3      | Reached skill level 1 in Stealth
  1646 | D:3      | Noticed Robin
  1654 | D:3      | Killed Robin
  1687 | D:3      | Found a radiant altar of Vehumet.
  1729 | D:3      | Found a transporter.
  1751 | D:3      | Found a runed translucent door.
  1752 | D:3      | Noticed Crazy Yiuf
  1764 | D:3      | Killed Crazy Yiuf
  1764 | D:3      | Reached XP level 6. HP: 47/47 MP: 6/6
  2051 | D:3      | Found a transporter.
  2053 | D:3      | Found a white marble altar of Elyvilon.
  2480 | D:4      | Found Qaroov's Antique Armour Emporium.
  2631 | D:4      | Reached skill level 4 in Dodging
  2653 | D:4      | Found a shimmering blue altar of Sif Muna.
  2766 | D:4      | Found a staircase to the Ecumenical Temple.
  2824 | D:4      | Found a runed translucent door.
  2826 | D:4      | Noticed MisterFreud's ghost (amateur MiCK)
  3260 | Temple   | Entered the Ecumenical Temple
  3422 | Temple   | Became a worshipper of Makhleb the Destroyer
  3528 | D:5      | Entered Level 5 of the Dungeon
  3536 | D:5      | Reached skill level 1 in Invocations
  3602 | D:5      | Noticed an ice beast
  3654 | D:5      | HP: 2/47 [poisoned by a kobold]
  3658 | D:5      | Succumbed to a kobold's poison

Levels and vault maps discovered:
D:1:      dpeg_arrival_boxes_within_box, layout_loops_ring, nrook_uturn
D:2:      minmay_chambers_of_twos, layout_loops_ring,
          nicolae_overflow_hidden_temple, gammafunk_temple_overflow_wave,
          uniq_sigmund
D:3:      gammafunk_steamed_eel, layout_loops_ring, lemuel_round_altar,
          lemuel_crystal_altar, corexii_item_surrounded_by_moat, uniq_robin,
          uniq_crazy_yiuf_cottage
D:4:      layout_cave_pods, led_sif_book, minmay_temple_entry_overgrown,
          first_ration, ebering_ghost_reflecting_pool, serial_shops,
          nicolae_shop_temple_entry_statues_fountains,
          chequers_serial_rivers_room_b
D:5:      corexii_shack_village, layout_basic, tgw_fedhas
Temple:   nicolae_temple_figure_eight

Skill      XL: |  1  2  3  4  5  6 |
---------------+-------------------+-----
Dodging        | 3 4 |  4.2
Long Blades    | 3 |  3.9
Armour         | 1 2 |  2.8
Stealth        | 1 2 |  2.3
Fighting       | 3 |  3.4
Invocations    | 1 |  1.0
Throwing       | |  1.9

Action                   |  1- 3 |  4- 6 || total
-------------------------+-------+-------++-------
Melee: Long sword        |    42 |     3 ||    45
       Short sword       |    22 |   189 ||   211
       Kick              |     3 |    48 ||    51
Throw: Throwing net      |       |     2 ||     2
  Use: Scroll            |     3 |     9 ||    12
       Potion            |     3 |     4 ||     7
 Stab: Sleeping          |     1 |     7 ||     8
       Held in net/web   |       |     1 ||     1
  Eat: Chunk             |       |     7 ||     7
       Ration            |       |     1 ||     1
Armor: Leather armour    |    14 |    23 ||    37
Dodge: Dodged            |    52 |   123 ||   175
       Rpst.: Long sword |     9 |     1 ||    10

Table legend:
 A = Non-vault XP
 B = Vault XP
 C = Vault XP percentage of total XP
 D = Non-vault monster count
 E = Vault monster count
 F = Vault count percentage of total count
                 A         B        C        D         E       F
            +---------+---------+-------+---------+---------+-------
      Total |     380 |     325 |  46.1 |      60 |      28 |  31.8
            +---------+---------+-------+---------+---------+-------
        D:1 |      22 |       0 |   0.0 |      11 |       0 |   0.0
        D:2 |      35 |     239 |  87.2 |      19 |       9 |  32.1
        D:3 |      75 |      72 |  49.0 |      19 |      13 |  40.6
        D:4 |     138 |       0 |   0.0 |      10 |       0 |   0.0
        D:5 |     110 |      14 |  11.3 |       1 |       6 |  85.7
            +---------+---------+-------+---------+---------+-------
